 Dungeon Crawl Stone Soup version 0.27-a0-1202-ge72e49191c (webtiles) character file.

Game seed: 8911957820598564486

74 Delamore the Skirmisher (level 4, -5/37 HPs)
             Began as a Formicid Fighter on June 2, 2021.
             Was a Follower of Nemelex Xobeh.
             Slain by Crazy Yiuf
             ... wielding a +2 quarterstaff of chaos
              (21 damage)
             ... on level 2 of the Dungeon.
             The game lasted 00:02:07 (1739 turns).

Delamore the Skirmisher (Formicid Fighter)          Turns: 1739, Time: 00:02:08

Health: -5/37      AC:  6    Str: 21    XL:     4   Next: 54%
Magic:  1/4        EV:  8    Int:  8    God:    Nemelex Xobeh [*.....]
Gold:   61         SH:  9    Dex: 10    Spells: 3/3 levels left

rFire    . . .     SeeInvis +   a - +1 trident
rCold    + . .     Faith    .   c - +0 kite shield
rNeg     . . .     Spirit   .   b - +0 scale mail
rPois    .         Reflect  .   (helmet unavailable)
rElec    .         Harm     .   (no cloak)
rCorr    .         Rampage  .   (no gloves)
Will     .....                  (no boots)
Stlth    ..........             (no amulet)
HPRegen  0.12/turn              e - ring of protection from cold
MPRegen  0.09/turn              (no ring)

@: no status effects
A: permanent stasis, dig shafts and tunnels, antennae 3, four strong arms
a: Dig, Shaft Self, Renounce Religion, Draw Escape, Draw Destruction, Draw
Summoning


You were on level 2 of the Dungeon.
You worshipped Nemelex Xobeh.
Nemelex Xobeh was aware of your devotion.
You visited 1 branch of the dungeon, and saw 2 of its levels.

You collected 61 gold pieces.

Inventory:

Hand Weapons
 a - a +1 trident (weapon)
Armour
 b - a +0 scale mail (worn)
 c - a +0 kite shield (worn)
Jewellery
 e - a ring of protection from cold (left hand)
Scrolls
 f - 2 scrolls of teleportation
 j - 2 scrolls of identify
Potions
 d - a potion of might
 h - a potion of cancellation
 i - a potion of flight


   Skills:
 + Level 4.1 Fighting
 * Level 3.8 Polearms
 - Level 3.2 Armour
 - Level 3.6 Shields


You had 3 spell levels left.
You didn't know any spells.
Your spell library was empty.

Dungeon Overview and Level Annotations

Branches:
Dungeon (2/15)

Altars:
Nemelex Xobeh

Shops:
D:2 [

Annotations:
D:2 Crazy Yiuf


Innate Abilities, Weirdness & Mutations

You cannot be hasted, slowed, berserked, paralysed or teleported.
You can dig through walls and to a lower floor.
You have a pair of large antennae on your head. (SInv)
Your four strong arms can wield two-handed weapons with a shield.


Message History

You enter the shallow water.
Moving in this stuff is going to be slow.
You now have 61 gold pieces (gained 12).
There is a stone staircase leading down here.
You see here an adder skeleton.
Crazy Yiuf shouts!
As you read the scroll labelled HOYRHE QINK, it crumbles to dust.
You feel a strange sense of stasis.
It was a scroll of teleportation.
Crazy Yiuf yells, "Lugonu!"
As you read the scroll labelled YRUUZI LIGUI, it crumbles to dust.
It is a scroll of enchant weapon.
Your +0 trident glows red for a moment.
As you read the scroll labelled GENWIAFIOHO, it crumbles to dust.
It is a scroll of identify.
h - a potion of cancellation
As you read the scroll of identify, it crumbles to dust.
i - a potion of flight Crazy Yiuf whimpers, "Key!
You snockshim leg."
As you open the door, it creaks loudly!
Crazy Yiuf whimpers, "Snurf sanguine canine!"
You puncture Crazy Yiuf!
Crazy Yiuf is severely wounded.
Crazy Yiuf laughs, "Tosser dark Hive!"
Crazy Yiuf hits you with a +2 quarterstaff of chaos!
You feel your power leaking away.
You hit Crazy Yiuf.
Crazy Yiuf is severely wounded.
Crazy Yiuf drinks a potion.
Crazy Yiuf goes berserk!
Crazy Yiuf closely misses you.
You closely miss Crazy Yiuf.
Crazy Yiuf is severely wounded.
You block Crazy Yiuf's attack.
Crazy Yiuf hits you with a +2 quarterstaff of chaos.
Space warps horribly around you!
You hit Crazy Yiuf.
Crazy Yiuf is almost dead.
Crazy Yiuf hits you with a +2 quarterstaff of chaos!!
Ouch! That really hurt!
You die...
Your body disappears without a glow.

###############
........#...#.### ###
.............#..##...#
#
.#####......####@g...#
# ## #..#..## ###..)#
# #..#### ### # ##.# #
### ##### # ### ###
#...######
##########.## ####.#
###.......
#.#.P.(♣#...### #....#
##.#####
.≈≈♣≈≈≈≈≈.....#
#....######.### #


You could see Crazy Yiuf (berserk).

Vanquished Creatures
  Jessica (D:2)
  An adder (D:2)
  A dart slug (D:2)
  An endoplasm (D:2)
  3 giant cockroaches
  4 goblins
  A hobgoblin (D:2)
  4 jackals (D:2)
  4 kobolds
  3 quokkas
  5 ball pythons
  3 bats
  2 frilled lizards (D:2)
  3 rats (D:1)
36 creatures vanquished.

Notes
Turn   | Place    | Note
-------+----------+-------------------------------------------
     0 | D:1      | Delamore the Formicid Fighter began the quest for the Orb.
     0 | D:1      | Reached XP level 1. HP: 18/18 MP: 1/1
   123 | D:1      | Found a faded altar of an unknown god.
   157 | D:1      | Became a worshipper of Nemelex Xobeh the Trickster
   157 | D:1      | Reached * piety under Nemelex Xobeh
   246 | D:1      | Reached XP level 2. HP: 24/24 MP: 2/2
  1121 | D:2      | Reached XP level 3. HP: 27/30 MP: 3/3
  1159 | D:2      | Found Japne's Armour Emporium.
  1245 | D:2      | Noticed Jessica
  1251 | D:2      | Killed Jessica
  1252 | D:2      | Reached skill level 4 in Fighting
  1252 | D:2      | Reached XP level 4. HP: 37/37 MP: 4/4
  1550 | D:2      | Received a gift from Nemelex Xobeh
  1582 | D:2      | Found a runed translucent door.
  1583 | D:2      | Noticed Crazy Yiuf
  1739 | D:2      | Slain by Crazy Yiuf

Illustrated notes

Levels and vault maps discovered:
D:1:      sevenhm_arrival_forest_fort_small_5, layout_basic,
          ebering_ecumenical_altar_hall
D:2:      layout_rooms, serial_shops,
          nicolae_shop_temple_entry_statues_fountains, serial_bayou_pond_b,
          uniq_crazy_yiuf_cottage, uniq_jessica

Skill      XL: |  1  2  3 |
---------------+----------+-----
Polearms       | 3 |  3.8
Fighting       | 4 |  4.1
Armour         | |  3.2
Shields        | |  3.6

Action                   |  1- 3 |  4- 6 || total
-------------------------+-------+-------++-------
Melee: Trident           |    73 |    52 ||   125
  Use: Scroll            |       |     4 ||     4
Armor: Scale mail        |    12 |    30 ||    42
Dodge: Dodged            |    15 |    23 ||    38
Block: Kite shield       |    24 |    26 ||    50

Table legend: (Time is in decaauts)
 A = Elapsed time spent in this place.
 B = Non-inter-level travel time spent in this place.
 C = Inter-level travel time spent in this place.
 D = Time resting spent in this place.
 E = Time spent auto-exploring this place.
 F = Levels seen in this place.
 G = Mean time per level.
                   A        B        C        D        E       F      G
               +--------+--------+--------+--------+--------+-----+--------+
         Total |   1784 |   1749 |     35 |      0 |   1490 |   2 |  892.0 |
       Dungeon |   1784 |   1749 |     35 |      0 |   1490 |   2 |  892.0 |
               +--------+--------+--------+--------+--------+-----+--------+

Top non-repeatable levels by time:
     D:1: 1065 daAuts
     D:2: 718 daAuts
